Map: Temple of the Past

Players

PointBread

  • Race: Zerg Zerg
  • Spawn Location: 0:00

laoer

  • Race: Protoss Protoss
  • Spawn Location: 0:00

VOD

Have the link to the VOD?

Description

Kerrigan P1 lvl-51 Defend the Temple BRUTAL

Time

  • Played on: Oct. 2, 2025, 8:31 a.m.
  • Length: 26:31
Show
View Real Time Build Order
Export as new Build Order

PointBread Zerg 

Build Orders:  

Get SALT Encoding   

  12  0:03  Drone  
  13  0:18  Overlord  
  13  0:25  Drone  
  14  0:44  Drone  
  14  0:45  Drone  
  14  0:47  Drone  
  17  1:02  Drone  
  17  1:06  Extractor  
  17  1:17  Drone  
  18  1:28  Hatchery  
  17  1:32  Drone  
  18  1:47  Drone  
  19  2:00  Spawning Pool  
  19  2:08  Drone  
  19  2:21  Drone  
  20  2:34  Drone x2  
  20  2:39  Lair  
  22  2:47  Extractor, Drone x2  
  23  2:59  Drone  
  24  3:09  Drone  
  25  3:10  Evolution Chamber  
  25  3:17  Drone  
  25  3:18  Drone  
  26  3:28  Drone  
  27  3:35  Drone  
  28  3:50  Overlord x2  
  28  4:15  Drone x3  
  28  4:17  Overlord  
  31  4:22  Heroic Fortitude  
  31  4:29  Evolution Chamber  
  30  4:39  Hydralisk Den  
  29  4:42  Drone x3  
  32  5:01  Drone x2  
  32  5:02  Drone x2  
  36  5:14  Drone  
  37  5:36  Drone x3  
  37  5:37  Drone  
  41  6:12  Hatchery  
  41  6:18  Extractor  
  39  6:29  Extractor  
  38  6:36  Zergling x2  
  38  6:37  Zergling x6  
  42  6:46  Chain Reaction  
  42  6:47  Zerg Melee Weapons Level 1  
  42  6:55  Metabolic Boost  
  42  6:56  Drone  
  43  7:18  Ancillary Carapace  
  43  7:36  Queen  
  43  7:45  Zergling  
  45  7:50  Zergling x6  
  45  7:52  Drone x3  
  45  7:53  Drone x4, Zergling x3  
  52  8:01  Zergling  
  52  8:02  Zergling x4  
  52  8:04  Overlord x2  
  52  8:05  Overlord  
  51  8:10  Zergling x4  
  51  8:12  Zergling x6  
  51  8:13  Zergling  
  51  8:14  Zergling x2  
  51  8:18  Zergling  
  51  8:19  Unknown  
  51  8:23  Zergling x6  
  51  8:27  Zergling  
  51  8:28  Zergling  
  51  8:30  Drone, Zergling x4  
  51  8:31  Drone, Zergling x5  
  51  8:32  Zergling x5  
  51  8:33  Zergling x5  
  51  8:34  Zergling  
  56  8:54  Drone x2  
  56  8:55  Drone  
  56  8:57  Zerg Missile Weapons Level 1  
  56  8:58  Zerg Ground Armor Level 1  
  59  9:04  Overseer x3  
  59  9:27  Unknown  
  59  9:28  Zergling x5  
  59  9:29  Zergling x4  
  59  9:30  Zergling x5  
  59  9:31  Zergling x2  
  59  9:32  Zergling x5  
  59  9:33  Zergling x2  
  59  9:34  Zergling x2  
  59  9:35  Zergling x2  
  59  9:36  Zergling x3  
  59  9:37  Hydralisk  
  59  9:38  Hydralisk x5  
  71  9:42  Unknown  
  71  9:47  Overlord  
  71  9:48  Hydralisk x2  
  73  10:00  Unknown  
  73  10:10  Drone  
  73  10:11  Drone x5  
  73  10:12  Drone x2  
  81  10:23  Hardened Carapace, Zergling x7  
  81  10:24  Zergling  
  81  10:26  Zergling  
  81  10:30  Hive  
  69  11:02  Unknown  
  65  11:21  Zerg Missile Weapons Level 2  
  65  11:22  Zerg Ground Armor Level 2  
  65  11:38  Ultralisk Cavern  
  64  11:42  Zergling x6  
  64  11:43  Overlord x2  
  64  11:44  Overlord x2  
  64  11:47  Hydralisk x3  
  64  11:48  Hydralisk  
  85  12:02  Hydralisk x3  
  85  12:03  Hydralisk x2  
  85  12:10  Unknown  
  85  12:11  Shredding Claws  
  85  12:17  Frenzy  
  85  12:25  Overseer  
  85  12:26  Zergling x3  
  85  12:27  Zergling  
  85  12:28  Queen x2, Zergling x3  
  85  12:29  Zergling  
  85  12:30  Zergling  
  85  12:31  Zergling  
  85  12:32  Zergling x2  
  85  12:33  Zergling  
  85  12:35  Zergling  
  85  12:36  Zergling x2  
  85  12:37  Zergling  
  85  12:38  Zergling x2  
  88  12:58  Zergling  
  88  13:01  Zergling x3  
  88  13:02  Zergling  
  88  13:03  Zergling x2  
  88  13:04  Zergling  
  88  13:16  Overlord x2  
  100  13:20  Zergling x4  
  100  13:23  Hydralisk x4  
  100  13:24  Hydralisk x2  
  93  13:36  Ability Efficiency  
  80  13:53  Zergling x4  
  80  13:56  Hydralisk x4, Zergling x2  
  80  13:57  Hydralisk x2  
  92  14:02  Zergling x2  
  92  14:07  Hydralisk x2  
  85  14:32  Hydralisk  
  85  14:33  Hydralisk  
  85  14:34  Zerg Missile Weapons Level 3  
  68  14:56  Zergling x6  
  79  15:01  Hydralisk x3  
  79  15:02  Hydralisk  
  79  15:05  Drone  
  80  15:11  Zergling x3  
  80  15:12  Zergling x2  
  80  15:13  Zergling  
  80  15:16  Zergling  
  80  15:33  Spine Crawler  
  80  15:35  Spine Crawler  
  59  16:17  Zergling x6  
  59  16:18  Zergling x8  
  82  16:22  Hydralisk x6  
  82  16:23  Hydralisk x2  
  82  16:29  Spore Crawler  
  81  16:36  Muscular Augments  
  81  16:43  Zerg Ground Armor Level 3, Overlord x2  
  81  16:57  Drone  
  81  16:58  Drone  
  83  17:01  Drone x3  
  83  17:03  Overseer  
  86  17:17  Zergling x7  
  86  17:18  Evolution Chamber, Zergling x2  
  86  17:19  Zergling x3  
  85  17:20  Zergling x3  
  85  17:22  Zergling  
  85  17:25  Zergling x4  
  85  17:26  Zergling x2  
  94  17:30  Hydralisk  
  94  17:31  Hydralisk x2  
  94  17:34  Zergling x3  
  94  17:58  Hydralisk  
  94  17:59  Hydralisk x4  
  104  18:08  Drone  
  105  18:23  Zergling x5  
  105  18:24  Zergling x5  
  105  18:25  Zergling x4  
  105  18:26  Zergling x3  
  105  18:27  Zergling x5  
  105  18:28  Zergling x5  
  105  18:29  Zergling x3  
  105  18:30  Zergling x3  
  105  18:31  Zergling x5  
  105  18:32  Zergling x9  
  105  18:33  Zergling x3  
  105  18:34  Zergling x9  
  105  18:35  Zergling x3  
  105  18:36  Zergling x7  
  105  18:37  Zergling x4  
  105  18:38  Zergling x7  
  105  18:42  Spine Crawler  
  105  18:43  Spine Crawler  
  105  18:47  Spine Crawler  
  96  19:00  Zergling x8  
  96  19:01  Zergling x3  
  96  19:02  Zergling x2  
  96  19:03  Zergling  
  96  19:04  Zergling  
  96  19:05  Zergling x6  
  96  19:06  Zergling x4  
  96  19:07  Zergling  
  95  19:12  Drone  
  95  19:13  Drone x4  
  100  19:23  Spine Crawler  
  100  19:27  Spine Crawler  
  97  19:30  Spine Crawler x2  
  97  19:34  Spine Crawler  
  94  19:49  Drone x4  
  98  19:50  Drone x2  
  98  19:51  Spine Crawler  
  98  19:53  Zergling x2  
  98  19:55  Spine Crawler x2  
  98  19:57  Hydralisk  
  98  19:58  Hydralisk x3  
  106  20:00  Spine Crawler  
  106  20:01  Spine Crawler  
  104  20:26  Zergling  
  104  20:27  Zergling x2  
  104  20:28  Zergling x3  
  104  20:29  Zergling x2  
  104  20:30  Zergling x2  
  104  20:31  Zergling x2  
  104  20:32  Zergling  
  104  20:33  Zergling x2  
  104  20:34  Zergling x2  
  104  20:35  Zergling  
  104  20:36  Zergling x2  
  104  20:47  Zergling  
  104  20:48  Zergling  
  100  21:00  Spine Crawler, Zergling x2  
  100  21:02  Spine Crawler x2  
  100  21:04  Queen  
  92  21:13  Queen x2  
  92  21:34  Zerg Melee Weapons Level 2  
  92  21:35  Adrenal Overload  
  92  21:57  Spore Crawler  
  91  22:03  Spore Crawler, Drone  
  91  22:04  Drone x5  
  91  22:05  Drone x2  
  91  22:07  Overseer  
  98  22:12  Spore Crawler x2, Overlord x3  
  135  22:20  Hydralisk x6  
  108  22:29  Zergling  
  108  22:30  Zergling x2  
  108  22:40  Spore Crawler  
  108  22:41  Spore Crawler  
  106  22:51  Spore Crawler  
  106  22:53  Spore Crawler  
  106  22:55  Spore Crawler  
  98  23:24  Ultralisk Cavern  
  93  23:49  Zergling x10  
  124  23:50  Zergling x10  
  124  23:51  Zergling x2  
  124  23:52  Hydralisk x2  
  124  23:53  Hydralisk x5  
  124  23:54  Hydralisk x5  
  124  23:55  Hydralisk  
  130  24:06  Zergling x4  
  130  24:07  Zergling  
  130  24:08  Zergling  
  130  24:09  Zergling  
  126  24:11  Zergling x3  
  126  24:12  Zergling x5  
  126  24:13  Zergling  
  126  24:14  Zergling x2  
  126  24:16  Zergling x3  
  126  24:18  Zergling x2  
  126  24:20  Zergling  
  122  24:40  Zergling x6  
  122  24:41  Zergling x4  
  122  24:45  Hydralisk x2  
  122  24:46  Hydralisk x3  
  133  24:56  Ultralisk x2  
  145  25:14  Zergling x2  
  145  25:15  Zergling  
  145  25:16  Zergling x13  
  145  25:17  Zergling x2  
  145  25:18  Zergling x5  
  145  25:19  Zergling x4  
  145  25:20  Spine Crawler  
  145  25:21  Spine Crawler, Zergling  
  145  25:26  Spine Crawler, Zergling x7  
  145  25:27  Zergling x5  
  145  25:28  Zergling x3  
  145  25:29  Zergling x6  
  142  25:36  Zergling x3  
  142  25:37  Zergling x4  
  142  25:38  Zergling x3  
  142  25:39  Zergling x4  
  142  25:40  Zergling x4  
  142  25:41  Zergling x3  
  142  25:42  Zergling  
Show
View Real Time Build Order
Export as new Build Order

laoer Protoss 

Build Orders:  

Get SALT Encoding   

  12  0:02  Probe (Chrono Boost)  
  13  0:16  Probe (Chrono Boost)  
  14  0:30  Probe (Chrono Boost)  
  15  0:41  Xel'Naga Passageway  
  15  0:44  Probe (Chrono Boost)  
  16  0:58  Probe (Chrono Boost)  
  17  1:12  Probe (Chrono Boost)  
  18  1:26  Probe (Chrono Boost)  
  19  1:40  Probe (Chrono Boost)  
  20  1:50  Core Forge  
  20  1:53  Probe (Chrono Boost)  
  21  2:07  Probe (Chrono Boost)  
  22  2:21  Probe (Chrono Boost)  
  23  2:35  Probe (Chrono Boost)  
  24  2:46  Tesseract Cannon  
  24  2:48  Tesseract Cannon  
  24  2:49  Probe (Chrono Boost)  
  24  2:57  Constructs Facility  
  25  3:04  Probe (Chrono Boost)  
  27  3:21  Probe (Chrono Boost)  
  27  3:38  Probe (Chrono Boost)  
  28  3:55  Probe (Chrono Boost)  
  30  4:12  Probe (Chrono Boost)  
  30  4:22  Ancient Nexus  
  30  4:25  Unknown  
  30  4:27  Unknown  
  30  4:42  Probe (Chrono Boost)  
  30  4:48  Constructs Bay  
  31  4:59  Probe (Chrono Boost)  
  32  5:01  Unknown  
  32  5:11  Unknown  
  32  5:16  Probe (Chrono Boost)  
  33  5:33  Probe (Chrono Boost)  
  34  5:40  Unknown  
  35  5:50  Unknown, Probe (Chrono Boost)  
  35  6:08  Probe (Chrono Boost)  
  36  6:21  Unknown  
  36  6:37  Unknown  
  36  6:46  Unknown  
  36  6:53  Unknown  
  36  7:08  Unknown  
  36  7:20  Xel'Naga Shieldguard  
  36  7:21  Xel'Naga Void Array x2  
  38  7:46  Xel'Naga Watcher  
  38  7:47  Unknown  
  38  7:48  Unknown  
  38  7:51  Unknown  
  38  7:57  Unknown  
  38  8:01  Xel'Naga Abrogator  
  41  8:12  Xel'Naga Void Array  
  41  8:26  Xel'Naga Enforcer  
  45  8:32  Xel'Naga Shieldguard  
  46  8:46  Unknown  
  46  8:50  Xel'Naga Shieldguard  
  46  8:52  Xel'Naga Void Array  
  46  8:53  Xel'Naga Abrogator  
  50  9:18  Xel'Naga Enforcer  
  50  9:19  Unknown  
  54  9:21  Xel'Naga Void Array  
  54  9:22  Unknown  
  54  9:46  Xel'Naga Enforcer  
  58  10:03  Xel'Naga Void Array  
  58  10:13  Xel'Naga Enforcer  
  58  10:16  Unknown  
  62  10:25  Unknown  
  62  10:28  Unknown  
  62  10:30  Unknown  
  62  10:33  Unknown  
  62  10:36  Unknown  
  62  10:40  Xel'Naga Void Array  
  62  10:45  Unknown  
  62  10:59  Unknown  
  62  11:04  Unknown  
  62  11:08  Serdath Legion  
  62  11:11  Unknown  
  62  11:19  Unknown  
  74  11:32  Xel'Naga Void Array  
  74  11:36  Unknown  
  74  12:10  Xel'Naga Enforcer  
  74  12:12  Xel'Naga Void Array  
  74  12:16  Xel'Naga Shieldguard  
  79  12:35  Xel'Naga Void Array  
  79  12:37  Xel'Naga Enforcer  
  83  12:44  Unknown  
  83  12:48  Unknown  
  83  12:50  Unknown  
  83  13:05  Xel'Naga Abrogator  
  74  13:30  Xel'Naga Abrogator  
  74  13:34  Tesseract Cannon  
  74  13:36  Tesseract Cannon  
  74  13:38  Xel'Naga Void Array  
  77  13:42  Tesseract Cannon  
  77  13:46  Tesseract Cannon  
  77  13:50  Tesseract Cannon  
  77  13:53  Tesseract Cannon  
  77  13:57  Tesseract Cannon  
  77  14:00  Xel'Naga Void Array  
  77  14:02  Tesseract Cannon  
  77  14:07  Tesseract Cannon  
  77  14:12  Tesseract Cannon  
  77  14:17  Tesseract Cannon  
  77  14:21  Tesseract Cannon  
  77  14:25  Xel'Naga Void Array  
  77  15:09  Xel'Naga Void Array  
  77  15:11  Xel'Naga Abrogator  
  80  15:21  Xel'Naga Void Array  
  80  15:25  Xel'Naga Void Array  
  80  15:35  Unknown  
  80  15:36  Xel'Naga Void Array, Xel'Naga Abrogator  
  80  15:38  Unknown  
  83  15:48  Xel'Naga Void Array  
  83  16:18  Xel'Naga Abrogator  
  86  16:34  Xel'Naga Void Array  
  86  16:55  Xel'Naga Enforcer  
  86  16:56  Xel'Naga Void Array  
  103  17:00  Xel'Naga Void Array  
  90  17:50  Xel'Naga Void Array  
  90  17:56  Xel'Naga Enforcer  
  94  18:23  Xel'Naga Void Array  
  94  18:53  Xel'Naga Void Array  
  94  18:54  Unknown  
  94  19:05  Unknown  
  94  19:16  Xel'Naga Void Array  
  94  19:37  Xel'Naga Watcher  
  94  19:49  Xel'Naga Void Array  
  94  20:09  Xel'Naga Abrogator  
  97  20:15  Xel'Naga Void Array  
  97  20:27  Unknown  
  97  20:35  Xel'Naga Enforcer  
  100  20:59  Xel'Naga Void Array  
  100  21:09  Xel'Naga Void Array  
  84  21:37  Xel'Naga Enforcer  
  88  22:00  Xel'Naga Void Array  
  88  22:04  Xel'Naga Enforcer  
  92  22:10  Xel'Naga Void Array  
  92  22:16  Tesseract Cannon  
  92  22:18  Tesseract Cannon  
  92  22:22  Tesseract Cannon  
  92  22:25  Tesseract Cannon  
  92  22:27  Tesseract Cannon  
  92  22:30  Tesseract Cannon  
  92  22:31  Xel'Naga Enforcer  
  92  22:32  Tesseract Cannon  
  92  22:35  Tesseract Cannon  
  92  22:39  Tesseract Cannon  
  96  22:40  Xel'Naga Void Array  
  96  22:48  Tesseract Cannon  
  96  22:51  Tesseract Cannon  
  96  22:59  Xel'Naga Void Array x2  
  88  23:10  Xel'Naga Void Array  
  88  23:37  Xel'Naga Void Array  
  88  23:45  Unknown  
  88  23:48  Unknown  
  76  24:14  Serdath Legion  
  79  24:23  Xel'Naga Void Array  
  79  24:24  Xel'Naga Shieldguard  
  80  24:39  Xel'Naga Enforcer  
  84  24:43  Xel'Naga Shieldguard  
  88  24:50  Xel'Naga Void Array  
  85  25:07  Xel'Naga Void Array  
  82  25:37  Unknown  
  81  25:46  Xel'Naga Void Array x2  
Tags
 
Add a new tag
Caveats
  • Supply blocks, unpowered buildings, or Contaminate may cause inaccurate times.
  • Supply counts are checked every 10 seconds.